 Dungeon Crawl Stone Soup version 0.28-a0-697-g47f3eba078 (webtiles) character file.

Game seed: 18348009954907442360

4174 BlueGoblin the Spry (level 10, -5/47 HPs)
             Began as a Spriggan Monk on Oct 23, 2021.
             Was a Priest of Yredelemnul.
             Succumbed to a kobold brigand's curare-tipped dart
             ... on level 8 of the Dungeon.
             The game lasted 00:31:47 (15229 turns).

BlueGoblin the Spry (Spriggan Monk)                Turns: 15229, Time: 00:31:47

Health: -5/47      AC:  8    Str:  7    XL:     10   Next: 7%
Magic:  11/11      EV: 31    Int: 12    God:    Yredelemnul [***...]
Gold:   462        SH:  8    Dex: 21    Spells: 9/9 levels left

rFire   . . .      SeeInvis +   a - +0 dagger (venom)
rCold   . . .      Faith    .   k - +0 buckler
rNeg    + . .      Spirit   .   J - +0 steam dragon scales
rPois   .          Reflect  .   (helmet restricted)
rElec   .          Harm     .   E - +2 cloak
rCorr   .          Rampage  .   (gloves unavailable)
Will    +....                   (boots unavailable)
Stlth   +++.......              (no amulet)
HPRegen 0.15/turn               y - ring of positive energy
MPRegen 0.12/turn               (no ring)

@: lethally poisoned (-5 -> -27), slowed, quick
A: very small, no large weapons, unfitting armour, see invisible, speed 3
a: Renounce Religion, Recall Undead Slaves, Injury Mirror, Animate Dead


You were on level 8 of the Dungeon.
You worshipped Yredelemnul.
Yredelemnul was most pleased with you.
You visited 2 branches of the dungeon, and saw 9 of its levels.

You collected 462 gold pieces.

Inventory:

Hand Weapons
 a - a +0 dagger of venom (weapon)
 b - a +3 dagger of freezing
 q - a +1 short sword of venom
 u - a +0 short sword
Missiles
 c - 249 stones
 f - 41 poisoned darts
 g - 40 bolts
 o - 72 sling bullets
Armour
 k - a +0 buckler (worn)
 n - a +2 robe
 E - a +2 cloak (worn)
 J - +0 steam dragon scales (worn)
Jewellery
 y - a ring of positive energy (left hand)
Wands
 i - a wand of mindburst (21)
 m - a wand of iceblast (14)
 v - a wand of charming (5)
 B - a wand of paralysis (6)
 C - a wand of flame (9) (quivered)
 H - a wand of digging (6)
Scrolls
 x - a scroll of blinking {unknown}
 z - 4 scrolls of identify
 A - a scroll of teleportation
 F - a scroll of silence
 G - a scroll of enchant armour {unknown}
 I - a scroll of magic mapping {unknown}
Potions
 d - 2 potions of flight
 e - 2 potions of might
 h - a potion of haste
 j - 2 potions of lignification
 l - a potion of ambrosia {unknown}
 p - a potion of mutation {unknown}
 r - a potion of degeneration {unknown}
 t - a potion of heal wounds {unknown}
 w - a potion of brilliance {unknown}
 D - a potion of resistance {unknown}


   Skills:
 - Level 2.4 Fighting
 - Level 3.2 Short Blades
 + Level 15.4 Dodging
 - Level 3.0 Stealth
 + Level 6.5 Shields
 + Level 0.4 Invocations


You had 9 spell levels left.
You didn't know any spells.
Your spell library contained the following spells:

 Spells                   Type           Power      Damage    Failure   Level
 Corpse Rot               Necr/Air       0%         N/A       45%         2
 Poisonous Vapours        Pois/Air       0%         N/A       45%         2
 Ozocubu's Armour         Ice            0%         N/A       71%         3
 Dispel Undead            Necr           0%         3d6       98%         4
 Sticky Flame             Conj/Fire      0%         2d3       98%         4
 Metabolic Englaciation   Hex/Ice        0%         N/A       100%        5
 Simulacrum               Ice/Necr       0%         N/A       100%        6
 Starburst                Conj/Fire      0%         6d3       100%        6


Dungeon Overview and Level Annotations

Branches:
Dungeon (8/15)             Temple (1/1) D:5
   Lair: D:8-11

Altars:
Ashenzari
Dithmenos
Elyvilon
Fedhas
Gozag
Hepliaklqana
Makhleb
Nemelex Xobeh
Okawaru
Qazlal
Ru
Trog
Uskayaw
Vehumet
Wu Jian
Xom
Yredelemnul
Zin
The Shining One

Shops:
D:1 :   D:6 *

Portals:
Bailey: D:8

Annotations:
D:5 xoxolimbo's ghost, amateur DsWz
D:7 exclusion: oklob plant


Innate Abilities, Weirdness & Mutations

You are very small and have problems with some larger weapons.
You are too small for most types of armour.
You have supernaturally acute eyesight. (SInv)
You cover ground extremely quickly. (Speed+++)


Message History

Something hits your sky beast zombie.
You feel sick.
You are no longer poisoned.
Something closely misses your sky beast zombie.
Your sky beast zombie barely misses something.
Something closely misses your sky beast zombie.
Your sky beast zombie closely misses something.
Your sky beast zombie barely misses something.
Your sky beast zombie hits something but does no damage.
Your sky beast zombie barely misses something.
Your sky beast zombie closely misses something.
You hear a shout!
You are too injured to fight recklessly!
You are too injured to fight recklessly!
You feel yourself speed up.
Your sky beast zombie barely misses the kobold brigand.
The kobold brigand barely misses your sky beast zombie.
The kobold brigand barely misses your sky beast zombie.
Your sky beast zombie barely misses the kobold brigand.
The kobold brigand hits your sky beast zombie with a +0 spear!
Your sky beast zombie is destroyed!
The kobold brigand throws a curare-tipped dart.
The curare-tipped dart hits you.
You are poisoned.
You have difficulty breathing.
You feel yourself slow down.
* * * LOW HITPOINT WARNING * * *
You feel very sick.
You are too injured to fight recklessly!
Okay, then.
* * * LOW HITPOINT WARNING * * *
You feel very sick.
The kobold brigand throws a curare-tipped dart.
The curare-tipped dart hits you.
You are lethally poisoned!
You have difficulty breathing.
* * * LOW HITPOINT WARNING * * *
You feel as though you will be slow longer.
It was a potion of magic.
Magic courses through your body.
You die...
Your body rises from the dead as a mindless zombie.

#§## #.# #..# #.# # #
##.# #.# # #.#####
#.####.######
(#..................
.K.h.##............ #.##
..####.##....
#######.#####.# ##..#.
≈≈§§....@.....####.##..#.
≈§§≈≈##.######......#..#.
§≈≈. #.# #†###.##.).. .○≈
#.# #.# ##)#. ≈) #.# #.#
##..>. § #.# #.# #.###.
#.# #.#####.# #. #.#
#.......###. #..
########....


You could see a kobold brigand.

Vanquished Creatures
  Pikel (D:6)
  A hornet (D:8)
  Sigmund (D:2)
  A steam dragon (D:8)
  2 water moccasins
  2 ice beasts (D:7)
  4 sky beasts
  2 black bears
  3 necrophages
  3 ogres
  2 centaurs
  2 lemures (D:6)
  3 bullfrogs
  Blork the orc (D:5)
  4 scorpions
  A howler monkey (D:5)
  3 wights
  A bullfrog zombie (D:6)
  A hound (D:5)
  2 jellies (D:6)
  A centaur skeleton (D:7)
  2 orc priests
  Crazy Yiuf (D:6)
  Natasha (thrice) (D:3)
  An iguana (D:6)
  2 orc wizards (D:6)
  A killer bee zombie (D:7)
  3 gnolls (D:4)
  4 adders
  A shadow imp (D:7)
  A white imp (D:7)
  3 ufetubi
  An adder zombie (D:4)
  2 worms (D:3)
  A dart slug (D:2)
  15 orcs
  3 endoplasms
  3 giant cockroaches
  13 hobgoblins
  7 jackals
  2 quokkas
  4 ball pythons
  3 bats (D:1)
  5 frilled lizards
  11 goblins
  A goblin skeleton (D:7)
  A goblin zombie (D:7)
  3 hobgoblin zombies (D:7)
  13 kobolds
  2 kobold skeletons (D:7)
  A kobold zombie (D:7)
  An orc zombie (D:7)
  22 rats
177 creatures vanquished.

Vanquished Creatures (collateral kills)
  Menkaure (D:5)
  A bullfrog (D:6)
  3 wights
  A bush (D:6)
6 creatures vanquished.

Vanquished Creatures (others)
  A yak (D:8)
  A bullfrog (D:8)
  A gnoll sergeant (D:8)
  An orc priest (D:8)
  A black bear zombie (D:7)
  A quokka (D:7)
  An adder zombie (D:6)
  A bullfrog zombie (D:6)
  A centaur skeleton (D:6)
  A gnoll zombie (D:6)
  A goblin skeleton (D:5)
  A goblin zombie (D:5)
  A hobgoblin skeleton (D:5)
  2 hobgoblin zombies (D:5)
  A hound skeleton (D:5)
  A kobold zombie (D:5)
  An orc skeleton (D:5)
  3 orc zombies
  A scorpion zombie (D:6)
  A sky beast zombie (D:8)
  A water moccasin zombie (D:8)
  12 fungi
  8 plants
44 creatures vanquished.

Grand Total: 227 creatures vanquished

Notes
Turn   | Place    | Note
-------+----------+-------------------------------------------
     0 | D:1      | BlueGoblin the Spriggan Monk began the quest for the Orb.
     0 | D:1      | Reached XP level 1. HP: 11/11 MP: 2/2
    90 | D:1      | Found a faded altar of an unknown god.
    90 | D:1      | Noticed an Ice Fiend
   117 | D:1      | Found Xuadunor's Book Emporium.
   199 | D:1      | Reached XP level 2. HP: 15/16 MP: 3/3
   344 | D:1      | Reached skill level 5 in Dodging
  1437 | D:2      | Noticed Sigmund
  2124 | D:2      | Reached XP level 3. HP: 16/19 MP: 4/4
  2643 | D:2      | Reached skill level 6 in Dodging
  2863 | D:2      | Killed Sigmund
  2864 | D:2      | Reached skill level 8 in Dodging
  2864 | D:2      | Reached skill level 1 in Shields
  2864 | D:2      | Reached XP level 4. HP: 17/23 MP: 5/5
  2864 | D:2      | Reached XP level 5. HP: 20/27 MP: 6/6
  3051 | D:3      | Found a stormy altar of Qazlal.
  3057 | D:3      | Noticed Natasha
  3357 | D:3      | Killed Natasha
  3358 | D:3      | Reached XP level 6. HP: 24/32 MP: 7/7
  3610 | D:3      | Noticed Natasha
  3623 | D:3      | Killed Natasha
  4054 | D:3      | Noticed Natasha
  4063 | D:3      | Killed Natasha
  4734 | D:4      | Reached skill level 9 in Dodging
  5395 | D:5      | Entered Level 5 of the Dungeon
  5401 | D:5      | Found a glowing silver altar of Zin.
  5427 | D:5      | Noticed Menkaure
  5496 | D:5      | Noticed Blork the orc
  5507 | D:5      | Killed Blork the orc
  5508 | D:5      | Reached XP level 7. HP: 35/35 MP: 8/8
  5570 | D:5      | Reached skill level 10 in Dodging
  6078 | D:5      | Noticed xoxolimbo's ghost (amateur DsWz)
  6095 | D:5      | Found a runed translucent door.
  6164 | D:5      | Reached skill level 11 in Dodging
  6275 | D:5      | Found a staircase to the Ecumenical Temple.
  6396 | Temple   | Entered the Ecumenical Temple
  6732 | Temple   | Became a worshipper of Yredelemnul the Dark
  6732 | Temple   | Reached * piety under Yredelemnul
  6732 | Temple   | Reached ** piety under Yredelemnul
  7053 | D:5      | Killed Menkaure
  7054 | D:5      | Reached XP level 8. HP: 7/39 MP: 9/9
  8303 | D:6      | Found a hazy altar of Hepliaklqana.
  8692 | D:6      | Reached skill level 12 in Dodging
  9549 | D:6      | Got the Collected Works on Fire and Necromancy
  9583 | D:6      | Found Ymutom's Overcharged Wands.
 10063 | D:6      | Found a runed translucent door.
 10064 | D:6      | Noticed Crazy Yiuf
 11041 | D:6      | Killed Crazy Yiuf
 11042 | D:6      | Reached skill level 13 in Dodging
 11128 | D:6      | Identified the +5 mace "Gicidd" {holy, Str+5 Dex-4}
 11248 | D:7      | Noticed Pikel
 11461 | D:6      | Your ally Crazy Yiuf died
 12011 | D:6      | Reached XP level 9. HP: 43/43 MP: 10/10
 12180 | D:6      | Killed Pikel
 12181 | D:6      | Reached skill level 14 in Dodging
 12181 | D:6      | Reached skill level 5 in Shields
 12433 | D:7      | Found a glowing golden altar of the Shining One.
 12637 | D:7      | Found a burning altar of Makhleb.
 12813 | D:7      | Found a sacrificial altar of Ru.
 12820 | D:7      | Found a bloodstained altar of Trog.
 13481 | D:7      | Found a white marble altar of Elyvilon.
 13526 | D:7      | Found a blossoming altar of Fedhas.
 13540 | D:7      | Noticed an oklob plant
 14449 | D:8      | Reached skill level 15 in Dodging
 14449 | D:8      | Found a flagged portal.
 14547 | D:8      | Reached *** piety under Yredelemnul
 15100 | D:8      | Found a shimmering altar of Xom.
 15111 | D:8      | Reached XP level 10. HP: 47/47 MP: 11/11
 15228 | D:8      | HP: 2/47 [asphyx]
 15229 | D:8      | Succumbed to a kobold brigand's curare-tipped dart

Illustrated notes

Levels and vault maps discovered:
D:1:      lemuel_arrival_muddy, layout_rooms, serial_shops, shop,
          dreamdust_ecumenical_altar_sealed_demon
D:2:      layout_rooms, serial_glass, glass_columns_b, glass_columns_a,
          item_on_display_a, item_on_display_a, item_on_display_a,
          feat_on_display, minmay_indecisive_spiral, uniq_sigmund
D:3:      layout_basic, lemuel_crystal_altar, grunt_ministairs_12,
          minmay_rat_hole, uniq_natasha
D:4:      layout_loops_ring
D:5:      corexii_shack_village, layout_loops_ring, mainiacjoe_overflow_paths,
          minmay_temple_entry_nine_rooms, hellmonk_ghost_happy_afterlife,
          uniq_menkaure, uniq_blork_the_orc
D:6:      layout_loops_corners, mainiacjoe_overflow_24_doors,
          nicolae_shop_overcharged_wands, uniq_crazy_yiuf_cottage
D:7:      layout_cave_pods, nicolae_tso_besieged_by_evil, elyvilon_altar_4,
          nicolae_overflow_crystal_walls, lemuel_doored_altar,
          hangedman_ru_absence, tgw_fedhas, serial_park, serial_park_square3
          [serial_park_minivault_5x5_6], serial_park_tiny_2,
          serial_park_square2, uniq_pikel
D:8:      layout_loops_ring, xom_confusion_cloud,
          lemuel_zombie_altar_kikubaaqudgha, mainiacjoe_overflow_two_lobes,
          enter_bailey_2
Temple:   compressed_dpeg_triangle_lava_temple

Skill      XL: |  1  2  3  4  5  6  7  8  9 |
---------------+----------------------------+-----
Dodging        | 5 8 9 11 13 15 | 15.4
Shields        | 1 2 3 4 6 |  6.5
Fighting       | |  2.4
Short Blades   | |  3.2
Stealth        | |  3.0
Invocations    | |  0.4

Action                   |  1- 3 |  4- 6 |  7- 9 | 10-12 || total
-------------------------+-------+-------+-------+-------++-------
Melee: Short sword       |   175 |   113 |       |       ||   288
       Dagger            |       |    25 |   746 |    66 ||   837
       Unarmed           |       |     2 |       |       ||     2
Throw: Stone             |     5 |       |       |       ||     5
       Dart              |       |    18 |    38 |       ||    56
Invok: Animate Remains   |       |       |    19 |       ||    19
       Recall Undead Sla |       |       |    13 |       ||    13
       Animate Dead      |       |       |       |     1 ||     1
Evoke: Wand              |     4 |       |    23 |       ||    27
  Use: Potion            |     3 |     1 |       |     1 ||     5
       Scroll            |     1 |     6 |     4 |       ||    11
 Stab: Sleeping          |     2 |     6 |     3 |       ||    11
       Distracted        |       |       |     2 |       ||     2
       Paralysed         |       |       |     2 |       ||     2
Armor: Robe              |    17 |     4 |    39 |       ||    60
       Steam dragon scal |       |       |       |     3 ||     3
Dodge: Dodged            |   161 |    73 |   569 |    53 ||   856
Block: Buckler           |    25 |    29 |   241 |    14 ||   309

Table legend: (Time is in decaauts)
 A = Elapsed time spent in this place.
 B = Non-inter-level travel time spent in this place.
 C = Inter-level travel time spent in this place.
 D = Time resting spent in this place.
 E = Time spent auto-exploring this place.
 F = Levels seen in this place.
 G = Mean time per level.
                   A        B        C        D        E       F      G
               +--------+--------+--------+--------+--------+-----+--------+
         Total |  12170 |  11841 |    329 |   4058 |   4595 |   9 | 1352.2 |
       Dungeon |  11956 |  11633 |    323 |   4058 |   4402 |   8 | 1494.5 |
        Temple |    213 |    207 |      6 |      0 |    193 |   1 |  213.0 |
               +--------+--------+--------+--------+--------+-----+--------+

Top non-repeatable levels by time:
     D:6: 3208 daAuts
     D:5: 2110 daAuts
     D:7: 1440 daAuts
     D:1: 1210 daAuts
     D:2: 1209 daAuts
     D:3: 1153 daAuts
     D:4: 925 daAuts
     D:8: 700 daAuts
  Temple: 213 daAuts
